Map: Frozen Temple

Players

Mindele

  • Race: Terran Terran
  • League: Silver

A.I. 1 (Very Easy) - Winner!

  • Race: Protoss Protoss

VOD

Have the link to the VOD?

Description

Time

  • Played on: May 24, 2016, 8:17 p.m.
  • Length: 5:17
Show
View Real Time Build Order
Export as new Build Order

Mindele Terran 

Build Orders:  

Get SALT Encoding   

  12  0:01  SCV  
  13  0:14  SCV  
  14  0:18  Supply Depot  
  14  0:26  SCV  
  15  0:39  SCV  
  16  0:42  Barracks  
  16  0:52  SCV  
  16  0:55  Barracks  
  17  1:04  SCV  
  18  1:10  Barracks  
  18  1:16  SCV  
  19  1:28  SCV  
  19  1:30  Marine  
  21  1:38  Supply Depot  
  21  1:41  Orbital Command  
  21  1:46  Marine  
  22  1:51  Marine  
  23  1:59  Marine  
  24  2:11  Marine, Barracks  
  24  2:12  Marine  
  26  2:19  Marine  
  27  2:24  Supply Depot  
  27  2:30  Marine  
  27  2:32  Marine  
  29  2:38  Marine, Barracks  
  30  2:48  Supply Depot  
  30  2:49  Marine  
  30  2:50  Marine  
  32  2:56  Barracks  
  32  2:57  Marine  
  33  3:00  Marine  
  34  3:08  Marine  
  34  3:11  Marine  
  34  3:12  Supply Depot  
  36  3:17  Marine  
  37  3:21  Marine  
  37  3:26  Marine  
  39  3:28  Marine  
  39  3:30  Marine  
  41  3:35  Marine  
  41  3:38  Supply Depot  
  41  3:40  Marine  
  43  3:44  Marine  
  43  3:46  Marine  
  45  3:49  Marine  
  45  3:52  Marine  
  45  3:54  Marine  
  47  4:06  Marine  
  47  4:07  Marine  
  49  4:10  Marine, Supply Depot  
  49  4:11  Marine  
  49  4:12  Marine  
  49  4:16  Marine  
  53  4:25  Marine  
  53  4:26  Marine  
  53  4:29  Marine  
  53  4:30  Marine  
  57  4:31  Marine  
  57  4:33  Supply Depot  
  57  4:35  Marine  
  59  4:45  Marine  
  59  4:47  Marine  
  59  4:49  Marine  
  59  4:50  Marine  
  59  4:51  Marine  
  64  4:55  Marine  
  64  4:56  Supply Depot  
Show
View Real Time Build Order
Export as new Build Order

A.I. 1 (Very Easy) Protoss - Winner!

Build Orders:  

Get SALT Encoding   

  12  0:01  Probe (Chrono Boost)  
  13  0:11  Probe (Chrono Boost)  
  14  0:20  Pylon  
  14  0:36  Assimilator  
  14  0:42  Gateway  
  14  0:45  Pylon  
  14  1:13  Assimilator  
  14  1:27  Zealot  
  14  1:28  Probe (Chrono Boost)  
  17  1:32  Cybernetics Core  
  17  1:39  Probe (Chrono Boost)  
  18  1:50  Probe (Chrono Boost)  
  19  1:57  Warp Gate  
  19  2:00  Probe (Chrono Boost)  
  20  2:12  Probe (Chrono Boost)  
  22  2:23  Probe (Chrono Boost)  
  22  2:36  Stalker  
  24  4:01  Zealot  
  24  4:06  Probe (Chrono Boost)  
  24  4:07  Pylon  
  20  4:17  Probe (Chrono Boost)  
  20  4:21  Pylon  
  20  4:30  Zealot  
  22  4:36  Cybernetics Core  
  19  4:39  Probe (Chrono Boost)  
  19  4:47  Pylon  
Tags
 
Add a new tag
Caveats
  • Supply blocks, unpowered buildings, or Contaminate may cause inaccurate times.
  • Supply counts are checked every 10 seconds.